 Dungeon Crawl Stone Soup version 0.31-a0-988-g08d55dae12 (webtiles) character file.

Game seed: 6370356665994771006

10095 Flugkiller the Mimic (level 11, 0/76 HPs)
             Began as an Octopode Shapeshifter on Nov 5, 2023.
             Was a High Priest of Okawaru.
             Slain by a yak (14 damage)
             ... on level 10 of the Dungeon.
             The game lasted 00:20:07 (8749 turns).

Flugkiller the Mimic (Octopode Shapeshifter)        Turns: 8749, Time: 00:20:08

Health: 0/76       AC:  1    Str: 14    XL:     11   Next: 56%
Magic:  14/14      EV: 17    Int: 12    God:    Okawaru [*****.]
Gold:   1551       SH:  4    Dex: 16    Spells: 10/10 levels left

rFire   + .          .
                       - Unarmed
rCold   . . .        C - +0 buckler of the Guardian {Rampage Drain Regen+ Slay+5}
rNeg    . . .        (helmet restricted)
rPois   .            k - amulet "Uqaos" {Acrobat Will+}
rElec   .            i - ring of see invisible
rCorr   +            j - +4 ring of slaying
SInv    +            y - ring of resist corrosion
Will    .....        p - ring of protection from fire
Stlth   +++          (no ring)
HPRegen 1.12/turn    (no ring)
MPRegen 0.14/turn    (no ring)
                     (no ring)

%: acrobat, rampage
@: maw-form, weak-willed
A: devouring maw, almost no armour, amphibious, 8 rings, camouflage 1,
gelatinous body 1, (nimble swimmer 1), tentacles
a: Begin Untransformation, Renounce Religion, Heroism, Finesse, Duel


You were on level 10 of the Dungeon.
You worshipped Okawaru.
Okawaru was extremely pleased with you.
You were a creature with a mouth for a stomach.
You visited 1 branch of the dungeon, and saw 10 of its levels.
You also visited: Ossuary.

You collected 1977 gold pieces.
You spent 426 gold pieces at shops.

Inventory:

Missiles
 G - a curare-tipped dart
Armour
 C - the +0 buckler of the Guardian (worn) {Rampage Drain Regen+ Slay+5}
   (You acquired it on level 5 of the Dungeon)

   Slay+5:    It affects your accuracy & damage with ranged weapons and melee
   (+5).
   Regen+:    It increases your rate of health regeneration.
   Drain:     It drains your maximum health when unequipped.
   Rampage:   It bestows one free step when moving towards enemies.
Jewellery
 e - a ring of fire
   (You found it on level 2 of the Dungeon)
 i - a ring of see invisible (left tentacle)
   (You found it on level 4 of the Dungeon)
 j - a +4 ring of slaying (right tentacle)
   (You found it on level 5 of the Dungeon)
 k - the amulet "Uqaos" (around mantle) {Acrobat Will+}
   (You bought it in a shop on level 6 of the Dungeon)

   [amulet of the acrobat]

   Acrobat:   It increases your evasion while moving and waiting.
   Will+:     It increases your willpower.
 o - a ring of ice
   (You found it on level 9 of the Dungeon)
 p - a ring of protection from fire (on tentacle)
   (You found it on level 9 of the Dungeon)
 u - a ring of wizardry
   (You found it in an ossuary)
 y - a ring of resist corrosion (on tentacle)
   (You found it on level 6 of the Dungeon)
 z - a ring of flight
   (You found it in an ossuary)
Talismans
 b - a beast talisman
 c - a flux talisman
 f - a serpent talisman
   (You found it on level 1 of the Dungeon)
 E - a maw talisman (active)
   (You found it on level 6 of the Dungeon)
Wands
 h - a wand of acid (2)
   (You took it off Ijyb on level 3 of the Dungeon)
 s - a wand of flame (24)
   (You found it on level 5 of the Dungeon)
Scrolls
 d - 2 scrolls of poison
 t - 3 scrolls of teleportation
 x - a scroll of revelation
 B - a scroll of vulnerability
 D - a scroll of silence {unknown}
 F - a scroll of enchant weapon {unknown}
 H - a scroll of immolation
 I - a scroll of blinking {unknown}
 J - a scroll of summoning {unknown}
Potions
 a - a potion of lignification
 g - 4 potions of brilliance
 l - 3 potions of enlightenment
 m - 2 potions of attraction {unknown}
 n - a potion of resistance
 q - 3 potions of curing
 v - 3 potions of berserk rage
 w - 2 potions of heal wounds
 A - a potion of haste {unknown}


   Skills:
 + Level 7.7 Fighting
 + Level 9.3 Dodging
 - Level 3.0 Stealth
 + Level 7.6 Unarmed Combat
 - Level 5.0 Invocations
 - Level 2.0 Evocations
 - Level 12.5 Shapeshifting


You had 10 spell levels left.
You didn't know any spells.
Your spell library contained the following spells:

 Spells                   Type           Power      Damage    Failure   Level
 Sandblast                Erth           0%         2d4       41%         1
 Passwall                 Tmut/Erth      0%         N/A       56%         2
 Stone Arrow              Conj/Erth      0%         3d7       80%         3
 Volatile Blastmotes      Fire/Tloc      0%         2d10      80%         3
 Anguish                  Hex/Necr       0%         N/A       99%         4
 Brom's Barrelling Bould  Conj/Erth      0%         2d3       99%         4
 Cause Fear               Hex            0%         N/A       99%         4
 Fulminant Prism          Conj/Hex       0%         3d5       99%         4
 Iskenderun's Mystic Bla  Conj/Tloc      0%         2d3       99%         4
 Passage of Golubria      Tloc           0%         N/A       99%         4
 Yara's Violent Unravell  Hex/Tmut       0%         3d3       100%        5
 Enfeeble                 Hex            0%         N/A       100%        7
 Tukima's Dance           Hex            Unusable   N/A       N/A         3

Dungeon Overview and Level Annotations

Branches:
Dungeon (10/15) Zot: 26829  Temple (0/1) D:6            Lair (0/5) D:10
Ossuary (visited)
    Orc: D:9-12

Altars:
Dithmenos
Elyvilon
Fedhas
Gozag
Makhleb
Okawaru
Ru
Sif Muna
Wu Jian
The Shining One

Shops:
D:5 (   D:6 *

Annotations:
D:3 1 runed translucent door, exclusion: bat, Grinder; Pim's ghost, amateur OpVM


Innate Abilities, Weirdness & Mutations

You are a creature with a mouth for a stomach.
Your midsection houses a second, enormous mouth.
You cannot wear most types of armour.
You are amphibious.
You can wear up to eight rings at the same time.
Your skin changes colour to match your surroundings (Stealth+).
Your rubbery body absorbs attacks. (AC +1, EV +1)
((You are camouflaged when in or above water. (Stealth+)))
You have tentacles for arms and can constrict up to eight enemies at once.


Message History

Found a stone staircase leading down.
There is a stone staircase leading down here.
An electric eel comes into view.
An electric eel is nearby!
As you read the scroll of identify, it crumbles to dust.
x - a scroll of revelation Unknown command.
As you read the scroll labelled PUQOKO MOWOMUE, it crumbles to dust.
Magic quickly surges around you.
It was a scroll of vulnerability.
Unknown command.
An electric eel is nearby!
Unknown command.
The electric eel shoots out a bolt of lightning at you!
The bolt of electricity misses you.
An electric eel comes into view.
Found a scroll labelled RECWOIRUFISH.
You rampage towards the electric eel!
A yak comes into view.
Found a dented bone amulet.
The electric eel shoots out a bolt of lightning at you!
The bolt of electricity hits you.
The yak bellows!
You rampage towards the electric eel!
You hear a bellow! x4
A yak comes into view.
You closely miss the electric eel. You grab the electric eel.
You squeeze the electric eel!
The electric eel is heavily wounded.
You constrict the electric eel.
The electric eel shoots out a bolt of lightning at you!
The bolt of electricity hits the electric eel.
The electric eel completely resists.
The bolt of electricity hits you.
A yak comes into view.
You bludgeon the electric eel!
You devour the electric eel!
You feel better.
You kill the electric eel!
Okawaru accepts your kill.
The electric eel shoots out a bolt of lightning at you!
The bolt of electricity misses you.
You bludgeon the yak! You squeeze the yak!
The yak is severely wounded.
Unknown command.
The yak completely misses you.
Unknown command.
You bludgeon the yak! You bite the yak.
The yak is almost dead.
A yak comes into view.
The electric eel shoots out a bolt of lightning at you!
The bolt of electricity hits you! You block the yak's attack.
You closely miss the electric eel. Your grab misses the electric eel.
You bite the electric eel!
You devour the electric eel!
You feel better.
You kill the electric eel!
Okawaru accepts your kill.
A yak comes into view.
The yak gores you!
You bludgeon the yak!
You devour half of the yak!
You feel better.
You kill the yak!
Okawaru accepts your kill.
You bludgeon the yak! You bite the yak!
The yak is severely wounded.
The yak gores you!
You bludgeon the yak! You tentacle-slap the yak.
You devour half of the yak!
You feel better.
You kill the yak!
Okawaru accepts your kill.
You bludgeon the yak! Your bite misses the yak.
The yak is heavily wounded.
The yak misses you.
You barely miss the yak. You bite the yak!
The yak is severely wounded.
The yak gores you.
You batter the yak!!
You kill the yak!
Okawaru accepts your kill. The yak gores you!
You tentacle-slap the yak.
The yak is lightly wounded.
You tentacle-slap the yak but do no damage.
The yak is lightly wounded.
The yak gores you.
You closely miss the yak. You bite the yak!
The yak is moderately wounded.
The yak gores you! x2
You are too injured to fight recklessly!
You are too injured to fight recklessly!
You are too injured to fight recklessly!
You are too injured to fight recklessly!
You are too injured to fight recklessly!
You are too injured to fight recklessly!
You are too injured to fight recklessly!
You are too injured to fight recklessly!
You are too injured to fight recklessly!
You are too injured to fight recklessly!
You are too injured to fight recklessly!
You are too injured to fight recklessly!
You completely miss the yak.
The yak is moderately wounded.
The yak gores you!
* * * LOW HITPOINT WARNING * * *
The yak gores you!
You die...

##.# #. #..#
#.## #.#
######.###
###........#
...?.......#####
###...........".
.......WY...####
~~~~.~~Y≈..##
≈≈≈≈.≈~≈~..#
≈≈≈~.≈≈≈~..#
~≈≈≈.~≈≈~..#
.....~~~~..#
~≈~........#
~≈~.~~≈~~..#


You could see 2 yaks.

Vanquished Creatures
  Erica (D:8)
  A boulder beetle (D:9)
  A two-headed ogre (D:7)
  A cyclops (D:9)
  An ugly thing (D:9)
  Joseph (D:8)
  2 hornets
  A slime creature (D:9)
  11 yaks
  A wyvern (D:9)
  2 steam dragons
  Duvessa (D:7)
  2 water moccasins
  2 sky beasts
  4 black bears
  2 orc warriors
  An ice beast (D:6)
  An ogre (D:5)
  3 centaurs
  2 phantoms
  3 kobold brigands
  4 bullfrogs
  A wyvern zombie (Ossuary)
  2 scorpions
  A water moccasin zombie (Ossuary)
  Dowan (D:7)
  10 killer bees
  2 howler monkeys (D:8)
  3 electric eels
  4 bullfrog zombies (Ossuary)
  7 centaur zombies (Ossuary)
  3 hounds
  3 gnoll boudas
  3 orc priests
  A jelly (D:6)
  3 iguanas
  A sleepcap (D:5)
  Ijyb (D:3)
  12 orc wizards
  4 killer bee zombies (Ossuary)
  14 mummies (Ossuary)
  2 howler monkey zombies (Ossuary)
  Robin (D:4)
  13 gnolls
  3 adders
  A shadow imp (D:5)
  A white imp (D:6)
  2 worms
  2 dart slugs
  24 orcs
  7 bats
  5 endoplasms
  3 giant cockroaches
  14 goblins
  6 hobgoblins
  16 kobolds
  6 quokkas
  5 ball pythons
  4 frilled lizards
  2 rats (D:1)
241 creatures vanquished.

Vanquished Creatures (others)
  A goblin (D:4)
1 creature vanquished.

Grand Total: 242 creatures vanquished

Notes
Turn   | Place    | Note
-------+----------+-------------------------------------------
     0 | D:1      | Flugkiller the Octopode Shapeshifter began the quest for
                  | the Orb.
     0 | D:1      | Reached XP level 1. HP: 13/13 MP: 1/1
    16 | D:1      | Found a faded altar of an unknown god.
    25 | D:1      | Prayed at the altar of an unknown god.
    25 | D:1      | Became a worshipper of Warmaster Okawaru
    25 | D:1      | Reached * piety under Okawaru
   111 | D:1      | Reached XP level 2. HP: 16/18 MP: 2/2
   543 | D:1      | Reached skill level 1 in Stealth
   543 | D:1      | Reached XP level 3. HP: 23/23 MP: 3/3
  1302 | D:3      | Found a runed translucent door.
  1310 | D:3      | Noticed Pim's ghost (amateur OpVM)
  1341 | D:3      | Noticed Ijyb
  1356 | D:3      | Reached skill level 4 in Shapeshifting
  1356 | D:3      | Reached XP level 4. HP: 28/28 MP: 1/4
  1359 | D:3      | Killed Ijyb
  1364 | D:3      | Reached XP level 5. HP: 35/35 MP: 2/5
  1775 | D:3      | Found a white marble altar of Elyvilon.
  1983 | D:3      | Noticed Grinder
  2188 | D:4      | Found a glowing golden altar of the Shining One.
  2280 | D:4      | Found an opulent altar of Gozag.
  2327 | D:4      | Found a sacrificial altar of Ru.
  2440 | D:4      | Reached skill level 1 in Invocations
  2581 | D:4      | Noticed a phantom
  2591 | D:4      | Killed a phantom
  2592 | D:4      | Reached XP level 6. HP: 26/42 MP: 6/6
  2897 | D:4      | Noticed Robin
  2933 | D:4      | Killed Robin
  3132 | D:5      | Entered Level 5 of the Dungeon
  3153 | D:5      | Reached ** piety under Okawaru
  3176 | D:5      | Found a sand-covered staircase.
  3178 | D:5      | Noticed a black bear
  3191 | D:5      | Killed a black bear
  3192 | D:5      | Reached skill level 5 in Dodging
  3192 | D:5      | Reached XP level 7. HP: 46/46 MP: 6/8
  3201 | Ossuary  | Entered an ossuary
  3727 | Ossuary  | Reached XP level 8. HP: 34/54 MP: 10/10
  3859 | Ossuary  | Reached *** piety under Okawaru
  3860 | Ossuary  | Reached skill level 5 in Unarmed Combat
  4389 | Ossuary  | Reached skill level 5 in Shapeshifting
  4555 | D:5      | Identified 3 scrolls of acquirement
  4555 | D:5      | Acquired the +0 buckler of the Guardian {Rampage Drain
                  | Regen+ Slay+5}
  4571 | D:5      | Acquired a manual of Shapeshifting
  4675 | D:5      | Reached skill level 6 in Shapeshifting
  4703 | D:5      | Acquired 703 gold pieces
  4705 | D:5      | Acquired 724 gold pieces
  4759 | D:5      | Reached skill level 7 in Shapeshifting
  4890 | D:5      | Reached XP level 9. HP: 52/59 MP: 11/11
  4952 | D:5      | Found Zasho's Antique Weapon Shop.
  5327 | D:6      | Found a shadowy altar of Dithmenos.
  5330 | D:6      | Found Gobec's Neck Hole.
  5361 | D:6      | Found a staircase to the Ecumenical Temple.
  5402 | D:6      | Reached skill level 5 in Fighting
  5535 | D:6      | Found a burning altar of Makhleb.
  5654 | D:6      | Reached **** piety under Okawaru
  6045 | D:7      | Noticed Duvessa
  6118 | D:7      | Noticed a two-headed ogre
  6207 | D:7      | Killed a two-headed ogre
  6208 | D:7      | Noticed Dowan
  6260 | D:7      | Killed Duvessa
  6261 | D:7      | Reached XP level 10. HP: 28/68 MP: 12/12
  6265 | D:6      | Reached skill level 8 in Shapeshifting
  6305 | D:7      | Killed Dowan
  6314 | D:7      | Found an ornate altar of the Wu Jian Council.
  6405 | D:7      | Reached skill level 5 in Invocations
  6723 | D:8      | Noticed Erica
  6818 | D:8      | Noticed Joseph
  6887 | D:8      | Killed Joseph
  6888 | D:8      | Reached skill level 9 in Shapeshifting
  6949 | D:6      | Bought the amulet "Uqaos" {Acrobat Will+} for 426 gold
                  | pieces
  7077 | D:8      | Reached skill level 10 in Shapeshifting
  7175 | D:8      | Found a blossoming altar of Fedhas.
  7293 | D:8      | Reached ***** piety under Okawaru
  7312 | D:8      | Killed Erica
  7313 | D:8      | Reached skill level 11 in Shapeshifting
  7396 | D:8      | Paralysed by a hornet for 3 turns
  7404 | D:8      | Paralysed by a hornet for 1 turns
  7406 | D:8      | Reached skill level 12 in Shapeshifting
  7664 | D:9      | Noticed a cyclops
  7668 | D:9      | Killed a cyclops
  7682 | D:9      | Reached XP level 11. HP: 64/73 MP: 14/14
  7714 | D:9      | Noticed a boulder beetle
  7751 | D:9      | Killed a boulder beetle
  7844 | D:9      | Found an iron altar of Okawaru.
  8224 | D:9      | Found a shimmering blue altar of Sif Muna.
  8228 | D:9      | Received a gift from Okawaru
  8314 | D:9      | Noticed a green ugly thing
  8319 | D:9      | Killed a green ugly thing
  8577 | D:10     | Entered Level 10 of the Dungeon
  8609 | D:10     | Found a staircase to the Lair.
  8749 | D:10     | Slain by a yak

Illustrated notes

Levels and vault maps discovered:
D:1:      dpeg_arrival_tiny_i, layout_basic, shapermc_ecumenical_altar_venn,
          hangedman_decor_growths
D:2:      layout_basic
D:3:      layout_rooms, mainiacjoe_overflow_surrounded_room,
          ebering_ghost_reflecting_pool, uniq_grinder, uniq_ijyb
D:4:      layout_basic, mainiacjoe_overflow_catwalk, kennysheep_mini_moat,
          mainiacjoe_overflow_boulevard, kennysheep_opposing_triangles,
          uniq_robin
D:5:      layout_loops_ring, serial_shops, nicolae_lakefront_shop,
          enter_ossuary_1
D:6:      layout_gridville, grunt_dithmenos_smoke_and_mirrors,
          old_standard_altar, minmay_temple_entry_statues_pillars,
          chequers_serial_rivers_marsh, nicolae_shop_sticking_my_neck_out
D:7:      layout_cave_pools, pdpol_wu_jian_five_deadly_venoms, uniq_duvessa
D:8:      layout_cave_pools, marbit_many_paths, serial_bayou,
          serial_bayou_pond_d, serial_bayou_pond_e, serial_bayou_pond_e,
          serial_bayou_pond_c, uniq_erica, uniq_joseph
D:9:      layout_long_grid, hellmonk_okawaru_the_only_friend_you_need,
          kennysheep_orc_sif_temple, minivault_25, hangedman_minor_gate_pass
D:10:     layout_rooms, lair_entry_dummy, grunt_decor_one_mirror, minivault_14

Skill      XL: |  1  2  3  4  5  6  7  8  9 10 11 |
---------------+----------------------------------+-----
Unarmed Combat | 4 6 7 |  7.6
Stealth        | 1 3 |  3.0
Shapeshifting  | 4 7 12 | 12.5
Fighting       | 2 3 4 6 7 |  7.7
Dodging        | 3 5 8 9 |  9.3
Invocations    | 1 3 5 |  5.0
Evocations     | 2 |  2.0

Action                     |  1- 3 |  4- 6 |  7- 9 | 10-12 || total
---------------------------+-------+-------+-------+-------++-------
  Melee: Unarmed           |    84 |   106 |   245 |   173 ||   608
         Constrict         |    19 |    16 |    57 |    30 ||   122
         Tentacles         |    10 |    19 |    67 |    36 ||   132
         Punch             |     1 |     1 |    11 |    12 ||    25
         Maw               |       |       |       |    43 ||    43
 Invoke: Heroism           |     1 |       |     4 |     3 ||     8
         Finesse           |       |       |       |     1 ||     1
  Evoke: Wand              |       |       |     2 |       ||     2
    Use: Scroll            |     3 |     1 |    11 |     4 ||    19
         Potion            |     1 |     2 |     1 |     2 ||     6
   Stab: Sleeping          |    12 |     5 |     8 |    11 ||    36
         Distracted        |       |       |     1 |     1 ||     2
 Armour: Skin              |    45 |    70 |   125 |    78 ||   318
  Dodge: Dodged            |    34 |    33 |   134 |    96 ||   297
  Block: Buckler           |    13 |    13 |    39 |    32 ||    97
   Form: Maw               |       |       |       |     1 ||     1

Table legend: (Time is in decaauts)
 A = Elapsed time spent in this place.
 B = Non-inter-level travel time spent in this place.
 C = Inter-level travel time spent in this place.
 D = Time resting spent in this place.
 E = Time spent auto-exploring this place.
 F = Levels seen in this place.
 G = Mean time per level.
                   A        B        C        D        E       F      G
               +--------+--------+--------+--------+--------+-----+--------+
         Total |   8736 |   8262 |    474 |   1694 |   4359 |  11 |  794.2 |
       Dungeon |   7445 |   6971 |    474 |    942 |   4262 |  10 |  744.5 |
       Ossuary |   1291 |   1291 |      0 |    752 |     97 |   1 | 1291.0 |
               +--------+--------+--------+--------+--------+-----+--------+

Top non-repeatable levels by time:
 Ossuary: 1291 daAuts
     D:4: 1135 daAuts
     D:6: 948 daAuts
     D:9: 925 daAuts
     D:5: 877 daAuts
     D:2: 800 daAuts
     D:1: 760 daAuts
     D:8: 753 daAuts
     D:7: 617 daAuts
     D:3: 457 daAuts
    D:10: 169 daAuts
